 Dungeon Crawl Stone Soup version 0.22.1-6-g1668fe2 (webtiles) character file.

1271 Fang the Chopper (level 8, -7/76 HPs)
             Began as a Gargoyle Berserker on Feb 4, 2019.
             Was a Priest of Trog.
             Mangled by an orc warrior
             ... wielding a +5 trident
              (14 damage)
             ... on level 6 of the Dungeon.
             The game lasted 00:09:34 (6983 turns).

Fang the Chopper (Gargoyle Berserker)               Turns: 6983, Time: 00:09:35

Health: -7/76      AC:  8    Str: 32    XL:     8   Next: 53%
Magic:  8/8        EV: 12    Int:  7    God:    Trog [***...]
Gold:   379        SH:  0    Dex:  9    Spells: 7/7 levels left

rFire    . . .     SeeInvis .   s - +1 hand axe (flame)
rCold    . . .     Gourm    +   (no shield)
rNeg     + . .     Faith    .   e - +0 ring mail (curse)
rPois    ∞         Spirit   .   (no helmet)
rElec    +         Reflect  .   (no cloak)
rCorr    .         Harm     .   (no gloves)
MR       .....                  (no boots)
Stlth    ..........             q - amulet of the gourmand
HPRegen  0.22/turn              x - +3 ring of strength
MPRegen  0.11/turn              g - -3 ring of protection (curse)

@: berserking, very quick
A: negative energy resistance 1, electricity resistance, unbreathing,
petrification resistance, rot immunity, AC +5
a: Berserk, Trog's Hand, Renounce Religion


You were on level 6 of the Dungeon.
You worshipped Trog.
Trog was most pleased with you.
You were full.

You visited 1 branch of the dungeon, and saw 6 of its levels.

You collected 379 gold pieces.

Inventory:

Hand Weapons
 n - a +4 hand axe
 s - a +1 hand axe of flaming (weapon)
Armour
 e - a cursed +0 ring mail (worn)
Jewellery
 g - a cursed -3 ring of protection (right hand)
 q - an amulet of the gourmand (around neck)
 x - a +3 ring of strength (left hand)
Wands
 a - a wand of random effects (37)
 k - a wand of acid (12)
 r - a wand of flame (30)
Scrolls
 b - 5 scrolls of remove curse {unknown}
 d - 2 scrolls of identify
 f - 4 scrolls of teleportation
 j - 2 scrolls of immolation {unknown}
 m - 2 scrolls of amnesia {unknown}
 o - a scroll of magic mapping {unknown}
 t - a scroll of noise {unknown}
 w - a scroll of enchant armour {unknown}
Potions
 h - 3 potions of curing
 l - 2 potions of agility
 p - 2 potions of mutation
 u - a potion of resistance
 v - a potion of haste
Comestibles
 c - 11 rations


   Skills:
 + Level 5.7 Fighting
 + Level 7.0 Axes
 + Level 5.1 Armour
 + Level 3.2 Dodging
 + Level 1.0 Stealth


You had 7 spell levels left.
You didn't know any spells.
Your spell library was empty.

Dungeon Overview and Level Annotations

Branches:
Dungeon (6/15)
 Temple: D:4-7

Altars:
Cheibriados
Beogh

Shops:
D:5 [

Annotations:
D:6 SmSkdm's ghost, amateur FeCK


Innate Abilities, Weirdness & Mutations

You are resistant to torment.
Your stone body is resilient. (AC +5)
You are immune to poison.
You resist negative energy. (rN+)
You are resistant to electric shocks. (rElec)
You can survive without breathing.
You are immune to petrification.
You are immune to rotting.


Message History

The orc warrior is severely wounded.
The orc warrior hits you with an enchanted trident.
* * * LOW HITPOINT WARNING * * *
You hit the orc warrior but do no damage.
The orc warrior is heavily wounded.
The orc warrior hits you with an enchanted trident!
* * * LOW HITPOINT WARNING * * *
You barely miss the orc warrior.
The orc warrior is heavily wounded.
The orc warrior closely misses you.
You closely miss the orc warrior.
The orc warrior is heavily wounded.
A red film seems to cover your vision as you go berserk!
You feel yourself moving faster!
You feel mighty!
You feel a lot less full.
The orc warrior hits you with an enchanted trident.
* * * LOW HITPOINT WARNING * * *
You hit the orc warrior but do no damage.
The orc warrior is heavily wounded.
The orc warrior hits you with an enchanted trident!
You die...

# #.#####.#.# #...# #
#.#####.#.##### #...# #
####.##.......(..# #..^#
###
#.....#.##.#..##.#####...##
..#
#..........#..##.#.........
#.#
#.......##.................
#.##
#.....####..####.#.........
...# #.....#
#o.####.#####...## #..#
####### ##@......# ##...##
#..# ### #.......## #.....#
...#####.#### #..#.##.#
##...##
....(##.....###.###.#.#
##.###
.#.#.###.........#.##.#
#....
.#.......##.##.(#..##.#
#####
.###>###.##.##........# ###
.....#
#.##........##.#########..
######
#.#####.##.#..............


You could see an orc warrior.

Vanquished Creatures
  Menkaure (D:6)
  A necrophage (D:5)
  An ogre (D:5)
  2 phantoms
  A centaur (D:5)
  A scorpion (D:6)
  A wight (D:5)
  A howler monkey (D:5)
  A hound (D:4)
  Crazy Yiuf (D:5)
  4 orc priests
  5 orc wizards
  2 iguanas (D:5)
  A worker ant (D:5)
  9 adders
  2 oozes (D:2)
  4 dart slugs
  4 worms
  2 leopard geckos
  20 orcs
  7 bats
  5 giant cockroaches
  5 goblins
  8 hobgoblins
  3 jackals (D:2)
  3 quokkas
  6 frilled lizards
  6 kobolds
  10 rats
117 creatures vanquished.

Notes
Turn   | Place    | Note
-------+----------+-------------------------------------------
     0 | D:1      | Fang the Gargoyle Berserker began the quest for the Orb.
     0 | D:1      | Reached XP level 1. HP: 14/14 MP: 1/1
   104 | D:1      | Reached XP level 2. HP: 11/19 MP: 2/2
   405 | D:1      | Reached skill level 3 in Axes
   839 | D:1      | Reached XP level 3. HP: 20/24 MP: 3/3
   983 | D:2      | Reached ** piety under Trog
  1091 | D:2      | Noticed a phantom
  1160 | D:2      | Killed a phantom
  1160 | D:2      | Reached skill level 4 in Axes
  1160 | D:2      | Reached XP level 4. HP: 16/29 MP: 4/4
  1160 | D:2      | Reached XP level 5. HP: 18/33 MP: 5/5
  2110 | D:3      | Reached XP level 6. HP: 39/39 MP: 6/6
  2209 | D:3      | Reached *** piety under Trog
  2396 | D:3      | You fall through a shaft for 2 floors!
  2396 | D:5      | Entered Level 5 of the Dungeon
  2446 | D:5      | Reached skill level 5 in Axes
  2546 | D:5      | Noticed a necrophage
  2578 | D:5      | Reached XP level 7. HP: 9/44 MP: 7/7
  2721 | D:5      | Reached skill level 5 in Fighting
  2984 | D:5      | Reached skill level 6 in Axes
  3141 | D:5      | Found Vigaxt Cyngo's Antique Armour Shoppe.
  3176 | D:5      | Reached XP level 8. HP: 6/49 MP: 8/8
  3554 | D:5      | Found a runed door.
  3712 | D:5      | Found a snail-covered altar of Cheibriados.
  4023 | D:5      | Noticed Crazy Yiuf
  4032 | D:5      | Killed Crazy Yiuf
  5534 | D:3      | You fall through a shaft!
  5642 | D:6      | Noticed Menkaure
  5646 | D:6      | Killed Menkaure
  5646 | D:6      | Reached skill level 5 in Armour
  5646 | D:6      | Reached skill level 1 in Stealth
  6082 | D:6      | Reached skill level 7 in Axes
  6280 | D:6      | Found a runed gate.
  6281 | D:6      | Found a runed gate.
  6281 | D:6      | Noticed SmSkdm's ghost (amateur FeCK)
  6282 | D:6      | Found a runed gate.
  6283 | D:6      | Found a roughly hewn altar of Beogh.
  6983 | D:6      | Mangled by an orc warrior

Skill      XL: |  1  2  3  4  5  6  7  8 |
---------------+-------------------------+-----
Axes           | 3 4 5 6 7 |  7.0
Dodging        | 2 3 |  3.2
Fighting       | 4 5 |  5.7
Armour         | 3 4 5 |  5.1
Stealth        | 1 |  1.0

Action                   |  1- 3 |  4- 6 |  7- 9 || total
-------------------------+-------+-------+-------++-------
Melee: Hand axe          |   162 |   179 |   169 ||   510
Invok: Berserk           |       |     1 |     4 ||     5
       Trog's Hand       |       |       |     1 ||     1
  Use: Scroll            |       |       |     5 ||     5
  Eat: Chunk             |     1 |     6 |    23 ||    30
       Ration            |       |       |     1 ||     1
Armor: Animal skin       |    17 |       |       ||    17
       Ring mail         |    49 |    79 |    66 ||   194
Dodge: Dodged            |   112 |    93 |    88 ||   293
